3AAA
BRINKLEY BELUGAS @ GRYFINDOR BRAVES
08/09/2017
 
TOP OF THE 1ST
Brinkley Belugas batting - Pitching for Gryfindor Braves : RHP Bill Wilson
Pitching: RHP Bill Wilson
Batting: RHB Juan Banda 0-0: Ball
1-0: Foul Ball, location: 2F
1-1: Ball
2-1: Ground out 6-3 (Groundball, 6)
Batting: RHB Dave Nichols 0-0: Ball
1-0: Called Strike
1-1: SINGLE (Groundball, 5D)
Batting: RHB Jean Pronk 0-0: Ball
1-0: Fly out, F8 (Line Drive, 8RS)
Batting: RHB José Romano 0-0: Called Strike
Throwing error on steal attempt, E2
Dave Nichols to third
0-1: Ball
1-1: Ball
2-1: Swinging Strike
2-2: Foul Ball, location: 2F
2-2: Ball
3-2: Base on Balls
Batting: LHB George Wilcox 0-0: Ground out 4-3 (Groundball, 4)
Top of the 1st over - 0 run(s), 1 hit(s), 1 error(s), 2 left on base; Brinkley 0 - Gryfindor 0
BOTTOM OF THE 1ST
Gryfindor Braves batting - Pitching for Brinkley Belugas : RHP Kirk Evans
Pitching: RHP Kirk Evans
Batting: RHB Jim Unknown 0-0: Called Strike
0-1: Ball
1-1: Swinging Strike
1-2: Ball
2-2: Strikes out swinging
Batting: RHB Jim Unknown 0-0: Foul Ball, location: 2F
0-1: Ball
1-1: Foul Ball, location: 2F
1-2: Ball
2-2: Foul Ball, location: 2F
2-2: Ball
3-2: Foul Ball, location: 2F
3-2: Base on Balls
Batting: RHB Manuel González 0-0: Ball
1-0: Foul Ball, location: 2F
1-1: Grounds into double play, 6-4-3 (Groundball, 6)
Bottom of the 1st over - 0 run(s), 0 hit(s), 0 error(s), 0 left on base; Brinkley 0 - Gryfindor 0
TOP OF THE 2ND
Brinkley Belugas batting - Pitching for Gryfindor Braves : RHP Bill Wilson
Batting: RHB Carlos Salinas 0-0: Fly out, F8 (Flyball, 8LS)
Batting: RHB Max Burke 0-0: Called Strike
0-1: Foul Ball, location: 2F
0-2: Ground out 6-3 (Groundball, 6)
Batting: SHB Earl Holman 0-0: Called Strike
0-1: Called Strike
0-2: Foul Ball, location: 2F
0-2: Ground out 3-1 (Groundball, 34)
Top of the 2nd over - 0 run(s), 0 hit(s), 0 error(s), 0 left on base; Brinkley 0 - Gryfindor 0
BOTTOM OF THE 2ND
Gryfindor Braves batting - Pitching for Brinkley Belugas : RHP Kirk Evans
Batting: RHB Jim Unknown 0-0: Ball
1-0: Ball
2-0: Ball
3-0: Called Strike
3-1: Foul Ball, location: 2F
3-2: Ground out 6-3 (Groundball, 6M)
Batting: RHB Kyle Wilson 0-0: Foul Ball, location: 2F
0-1: Ball
1-1: Ground out 6-3 (Groundball, 6)
Batting: RHB José Casarreal 0-0: Ball
1-0: Ball
2-0: Called Strike
2-1: Called Strike
2-2: Foul Ball, location: 2F
2-2: Strikes out looking
Bottom of the 2nd over - 0 run(s), 0 hit(s), 0 error(s), 0 left on base; Brinkley 0 - Gryfindor 0
TOP OF THE 3RD
Brinkley Belugas batting - Pitching for Gryfindor Braves : RHP Bill Wilson
Batting: RHB Juan Díaz 0-0: Foul Ball, location: 2F
0-1: Ball
1-1: Ball
2-1: Fly out, F6 (Line Drive, 6)
Batting: RHB Juan Banda 0-0: Ball
1-0: Ball
2-0: Ground out 5-3 (Groundball, 56)
Batting: RHB Dave Nichols 0-0: Foul Ball, location: 2F
0-1: Ball
1-1: Ball
2-1: Ball
3-1: Called Strike
3-2: Foul Ball, location: 2F
3-2: Base on Balls
Batting: RHB Jean Pronk 0-0: Ground out 4-3 (Groundball, 13)
Top of the 3rd over - 0 run(s), 0 hit(s), 0 error(s), 1 left on base; Brinkley 0 - Gryfindor 0
BOTTOM OF THE 3RD
Gryfindor Braves batting - Pitching for Brinkley Belugas : RHP Kirk Evans
Batting: LHB Jim Unknown 0-0: Foul Ball, location: 2F
0-1: Foul Ball, location: 2F
0-2: Ball
1-2: Foul Ball, location: 2F
1-2: Ball
2-2: Ground out 6-3 (Groundball, 6MS)
Batting: SHB Jim Unknown 0-0: Ball
1-0: Ball
2-0: Called Strike
2-1: Fly out, F4 (Popup, 4MD)
Batting: SHB Jim Unknown 0-0: Fly out, F8 (Flyball, 8LM)
Bottom of the 3rd over - 0 run(s), 0 hit(s), 0 error(s), 0 left on base; Brinkley 0 - Gryfindor 0
TOP OF THE 4TH
Brinkley Belugas batting - Pitching for Gryfindor Braves : RHP Bill Wilson
Batting: RHB José Romano 0-0: Called Strike
0-1: Ball
1-1: Swinging Strike
1-2: Strikes out swinging
Batting: LHB George Wilcox 0-0: Fly out, F8 (Flyball, 8LM)
Batting: RHB Carlos Salinas 0-0: Called Strike
0-1: Ball
1-1: Fly out, F7 (Flyball, 78M)
Top of the 4th over - 0 run(s), 0 hit(s), 0 error(s), 0 left on base; Brinkley 0 - Gryfindor 0
BOTTOM OF THE 4TH
Gryfindor Braves batting - Pitching for Brinkley Belugas : RHP Kirk Evans
Batting: RHB Jim Unknown 0-0: Called Strike
0-1: Foul Ball, location: 2F
0-2: DOUBLE (Line Drive, 3L)
Batting: RHB Jim Unknown 0-0: Ball
1-0: Ball
2-0: Swinging Strike
2-1: Foul Ball, location: 2F
2-2: Foul Ball, location: 2F
2-2: Strikes out swinging
Batting: RHB Manuel González 0-0: Hit by Pitch
Batting: RHB Jim Unknown 0-0: Ball
1-0: Called Strike
1-1: Foul Ball, location: 2F
1-2: Ball
2-2: Foul Ball, location: 2F
2-2: Foul Ball, location: 2F
2-2: 3-RUN HOME RUN (Flyball, 78XD), Distance : 420 ft
Batting: RHB Kyle Wilson 0-0: Ball
1-0: Called Strike
1-1: Swinging Strike
1-2: Foul Ball, location: 2F
1-2: Strikes out swinging
Batting: RHB José Casarreal 0-0: Ball
1-0: Foul Ball, location: 2F
1-1: Foul Ball, location: 2F
1-2: Strikes out swinging
Bottom of the 4th over - 3 run(s), 2 hit(s), 0 error(s), 0 left on base; Brinkley 0 - Gryfindor 3
TOP OF THE 5TH
Brinkley Belugas batting - Pitching for Gryfindor Braves : RHP Bill Wilson
Batting: RHB Max Burke 0-0: Foul Ball, location: 2F
0-1: SOLO HOME RUN (Line Drive, 9LD), Distance : 350 ft
Batting: SHB Earl Holman 0-0: Ball
1-0: Ball
2-0: Bunted foul
2-1: SINGLE (Line Drive, 6MD)
Batting: RHB Juan Díaz 0-0: Foul Ball, location: 2F
0-1: Bunted foul
0-2: Ball
1-2: Ball
2-2: Ball
3-2: 2-RUN HOME RUN (Line Drive, 78XD), Distance : 421 ft
Batting: RHB Juan Banda 0-0: Called Strike
0-1: Foul Ball, location: 2F
0-2: Ground out 6-3 (Groundball, 6)
Batting: RHB Dave Nichols 0-0: Fly out, F7 (Flyball, 7D)
Batting: RHB Jean Pronk 0-0: Ball
1-0: Ball
2-0: Called Strike
2-1: Swinging Strike
2-2: Strikes out looking
Top of the 5th over - 3 run(s), 3 hit(s), 0 error(s), 0 left on base; Brinkley 3 - Gryfindor 3
BOTTOM OF THE 5TH
Gryfindor Braves batting - Pitching for Brinkley Belugas : RHP Kirk Evans
Batting: LHB Jim Unknown 0-0: Ball
1-0: Ball
2-0: Ball
3-0: Base on Balls
Batting: SHB Jim Unknown 0-0: Fly out, F8 (Flyball, 8LS)
Batting: SHB Jim Unknown 0-0: Ball
1-0: Foul Ball, location: 2F
1-1: Ball
2-1: Ball
3-1: Base on Balls
Jim Unknown to second
Batting: RHB Jim Unknown 0-0: Foul Ball, location: 2F
0-1: Ball
1-1: Ball
2-1: Foul Ball, location: 2F
2-2: Fly out, F9 (Flyball, 9S)
Batting: RHB Jim Unknown 0-0: Called Strike
0-1: Called Strike
0-2: Ball
1-2: SINGLE (Groundball, 5L)
Jim Unknown to third
Jim Unknown to second
Runner from 3rd tries for Home, SAFE, no throw or cutoff
Batting: RHB Manuel González 0-0: Foul Ball, location: 2F
0-1: Ball
1-1: Called Strike
1-2: Ball
2-2: Foul Ball, location: 2F
2-2: Strikes out swinging
Bottom of the 5th over - 1 run(s), 1 hit(s), 0 error(s), 2 left on base; Brinkley 3 - Gryfindor 4
TOP OF THE 6TH
Brinkley Belugas batting - Pitching for Gryfindor Braves : RHP Bill Wilson
Batting: RHB José Romano 0-0: Ball
1-0: Ball
2-0: Ball
3-0: Called Strike
3-1: Foul Ball, location: 2F
3-2: Base on Balls
Batting: LHB George Wilcox 0-0: Swinging Strike
0-1: Fly out, F9 (Flyball, 9LD)
Batting: RHB Carlos Salinas 0-0: Ball
1-0: Swinging Strike
1-1: Ball
2-1: Ball
3-1: Called Strike
3-2: Fly out, F8 (Flyball, 8RM)
Batting: RHB Max Burke 0-0: Called Strike
0-1: Ball
1-1: Fielders Choice at 2nd, 5-4 (Groundball, 5)
Top of the 6th over - 0 run(s), 0 hit(s), 0 error(s), 0 left on base; Brinkley 3 - Gryfindor 4
BOTTOM OF THE 6TH
Gryfindor Braves batting - Pitching for Brinkley Belugas : RHP Kirk Evans
Batting: RHB Jim Unknown 0-0: Ball
1-0: Called Strike
1-1: Swinging Strike
1-2: Foul Ball, location: 2F
1-2: Foul Ball, location: 2F
1-2: Strikes out looking
Batting: RHB Kyle Wilson 0-0: Called Strike
0-1: Called Strike
0-2: Ball
1-2: Strikes out swinging
Batting: RHB José Casarreal 0-0: Ball
1-0: Ball
2-0: Ball
3-0: Base on Balls
Batting: LHB Jim Unknown 0-0: Ground out U3 (Groundball, 3L)
Bottom of the 6th over - 0 run(s), 0 hit(s), 0 error(s), 1 left on base; Brinkley 3 - Gryfindor 4
TOP OF THE 7TH
Brinkley Belugas batting - Pitching for Gryfindor Braves : RHP Bill Wilson
Batting: SHB Earl Holman 0-0: DOUBLE (Flyball, 8RD)
Pinch Hitting: RHB James Peterson 0-0: Fly out, F7 (Flyball, 7S)
Batting: RHB Juan Banda 0-0: Called Strike
0-1: TRIPLE (Line Drive, 89M)
Earl Holman scores
Pinch Hitting: RHB Jim Unknown 0-0: Ball
1-0: Foul Ball, location: 2F
1-1: Foul Ball, location: 2F
1-2: Fly out, F5 (Popup, 13)
Batting: RHB Jean Pronk 0-0: Ball
1-0: Called Strike
1-1: Ball
2-1: Swinging Strike
2-2: Ball
3-2: Base on Balls
Pitching: RHP Mike Pinhey
Batting: RHB José Romano 0-0: Ball
1-0: Called Strike
1-1: 3-RUN HOME RUN (Flyball, 78XD), Distance : 415 ft
Batting: LHB George Wilcox 0-0: Ball
1-0: Swinging Strike
1-1: Ball
2-1: Foul Ball, location: 2F
2-2: Fly out, F9 (Popup, 9LM)
Top of the 7th over - 4 run(s), 3 hit(s), 0 error(s), 0 left on base; Brinkley 7 - Gryfindor 4
BOTTOM OF THE 7TH
Gryfindor Braves batting - Pitching for Brinkley Belugas : RHP Kirk Evans
Now in LF: Jim Unknown
Batting: SHB Jim Unknown 0-0: SINGLE (Line Drive, 89M)
Pitching: RHP Melvin González
Now in LF: Esteban Hernández
Batting: SHB Jim Unknown 0-0: Called Strike
0-1: Ball
1-1: Ball
2-1: Called Strike
2-2: Foul Ball, location: 2F
2-2: Ball
3-2: Grounds into double play, 2-6-3 (Groundball, 2L)
Batting: RHB Jim Unknown 0-0: Ball
1-0: Ball
2-0: Ball
3-0: Called Strike
3-1: Swinging Strike
3-2: Foul Ball, location: 2F
3-2: Foul Ball, location: 2F
3-2: Base on Balls
Batting: RHB Jim Unknown 0-0: Ball
1-0: Foul Ball, location: 2F
1-1: Ground out 5-3 (Groundball, 5S)
Bottom of the 7th over - 0 run(s), 1 hit(s), 0 error(s), 1 left on base; Brinkley 7 - Gryfindor 4
TOP OF THE 8TH
Brinkley Belugas batting - Pitching for Gryfindor Braves : RHP Mike Pinhey
Batting: RHB Carlos Salinas 0-0: Ball
1-0: Called Strike
1-1: Swinging Strike
1-2: SINGLE (Line Drive, 6D)
Batting: RHB Max Burke 0-0: Swinging Strike
0-1: Called Strike
Carlos Salinas is caught stealing 2nd base
0-2: Strikes out swinging
Batting: SHB Earl Holman 0-0: Foul Ball, location: 2F
0-1: Ground out 4-3 (Groundball, 4)
Top of the 8th over - 0 run(s), 1 hit(s), 0 error(s), 0 left on base; Brinkley 7 - Gryfindor 4
BOTTOM OF THE 8TH
Gryfindor Braves batting - Pitching for Brinkley Belugas : RHP Melvin González
Batting: RHB Manuel González 0-0: Ball
1-0: Foul Ball, location: 2F
1-1: Called Strike
1-2: SOLO HOME RUN (Flyball, 7D), Distance : 397 ft
Batting: RHB Jim Unknown 0-0: Ball
1-0: Foul Ball, location: 2F
1-1: Hit by Pitch
Pitching: RHP José Huerta
Batting: RHB Kyle Wilson 0-0: Called Strike
0-1: Ball
1-1: Foul Ball, location: 2F
1-2: Foul Ball, location: 2F
1-2: Strikes out swinging
Batting: RHB José Casarreal 0-0: Ball
1-0: Foul Ball, location: 2F
1-1: Grounds into double play, 4-6-3 (Groundball, 4)
Bottom of the 8th over - 1 run(s), 1 hit(s), 0 error(s), 0 left on base; Brinkley 7 - Gryfindor 5
TOP OF THE 9TH
Brinkley Belugas batting - Pitching for Gryfindor Braves : RHP Mike Pinhey
Batting: LHB Esteban Hernández 0-0: Swinging Strike
0-1: Called Strike
0-2: Ground out 4-3 (Groundball, 4)
Batting: RHB Juan Banda 0-0: Fly out, F7 (Flyball, 78M)
Batting: RHB Jim Unknown 0-0: Foul Ball, location: 2F
0-1: Ground out 4-3 (Groundball, 34)
Top of the 9th over - 0 run(s), 0 hit(s), 0 error(s), 0 left on base; Brinkley 7 - Gryfindor 5
BOTTOM OF THE 9TH
Gryfindor Braves batting - Pitching for Brinkley Belugas : RHP José Huerta
Pitching: RHP José Gutiérrez
Batting: LHB Jim Unknown 0-0: Ball
1-0: SINGLE (Groundball, 6MD)
Batting: SHB Jim Unknown 0-0: Foul Ball, location: 2F
0-1: Ball
1-1: Ball
2-1: SINGLE (Line Drive, 7S)
Jim Unknown to second
Batting: SHB Jim Unknown 0-0: Fly out, F5 (Popup, 5F)
Batting: RHB Jim Unknown 0-0: Ball
1-0: Ball
2-0: Ground out 3-1 (Groundball, 34)
Jim Unknown to third
Jim Unknown to second
Pinch Hitting: RHB Jim Unknown 0-0: Ball
1-0: Ball
2-0: Swinging Strike
2-1: Foul Ball, location: 2F
2-2: Strikes out looking
Bottom of the 9th over - 0 run(s), 2 hit(s), 0 error(s), 2 left on base; Brinkley 7 - Gryfindor 5
This league is powered by Out of the Park Baseball, the baseball management simulation game for PC, Mac and Linux
Saturday, February 27th, 2021 - OOTP Baseball 15.6 Build 34